cohdb
Replays
Latest Replays
All Replays
Popular Replays
Top Player Replays
Match Explorer
How It Works
Community
CoH3 Stats
Reddit
Sign in to upload your games and track your stats! →
Sign in with Steam
Match 41296753
Unlisted
Match 41296753
Overview
Messages
Build Orders
End
Construct Infanterie Kompanie
Selects Luftwaffe Battlegroup
Selects Luftwaffe Pioneer Support
Grenadier Squad
Grenadier Squad
Sniper
MG 42 Machine Gun Team
Construct Luftwaffe Kompanie
Selects Stuka Strafing Run
Flak 30 Anti-aircraft Gun Team
Selects Fallschirmjäger Squad Paradrop
AI Takeover
Bald
MADAO
0
0
Comments
sign in to comment!
No comments posted yet!